 Dungeon Crawl Stone Soup version 0.19-a0-1937-g70ed36a (webtiles) character file.

1677 Kaname the Digger (level 8, -1/52 HPs)
             Began as a Demonspawn Earth Elementalist on Oct 27, 2016.
             Was an Initiate of Okawaru.
             Killed from afar by an electric eel (8 damage)
             ... with a bolt of electricity
             ... on level 7 of the Dungeon.
             The game lasted 00:26:05 (8578 turns).

Kaname the Digger (Demonspawn Earth Elementalist)   Turns: 8578, Time: 00:26:06

Health: -1/52      AC:  8    Str: 12    XL:     8   Next: 70%
Magic:  2/11       EV: 12    Int: 20    God:    Okawaru [......]
Gold:   291        SH:  0    Dex: 13    Spells: 3 memorised, 2 levels left

rFire  . . .     SeeInvis .     v - +2 spear (venom)
rCold  + . .     Gourm    .     c - +1 robe
rNeg   . . .     Faith    .     (no shield)
rPois  .         Spirit   .     (no helmet)
rElec  .         Reflect  .     z - +0 cloak
rCorr  .         Harm     .     C - +0 pair of gloves
MR     +....                    n - +0 pair of boots
Stlth  +++.......               (no amulet)
                                b - +4 ring of strength
                                l - ring of protection from magic

@: no status effects
A: talons 1, slimy green scales 1, cold resistance 1
a: Renounce Religion


You were on level 7 of the Dungeon.
You worshipped Okawaru.
Okawaru was noncommittal.
You were not hungry.

You visited 2 branches of the dungeon, and saw 8 of its levels.

You collected 291 gold pieces.

Inventory:

Hand Weapons
 k - a +3 short sword of speed
 v - a +2 spear of venom (weapon)
Missiles
 f - 6 javelins of penetration (quivered)
 I - 4 javelins
Armour
 c - a +1 robe (worn)
 n - a +0 pair of boots (worn)
 z - a +0 cloak (worn)
 C - a +0 pair of gloves (worn)
Jewellery
 b - a +4 ring of strength (right hand)
 l - a ring of protection from magic (left hand)
Wands
 h - a wand of random effects (27/48)
 m - a wand of acid (5/15)
 D - a wand of random effects (19/48)
 H - a wand of polymorph (16/24)
 K - a wand of confusion (29/48)
Scrolls
 a - a scroll of enchant weapon
 g - 2 scrolls of enchant armour
 o - 4 scrolls of teleportation
 p - a scroll of remove curse
 q - a scroll of blinking
 r - 2 scrolls of fog {unknown}
 x - a scroll of immolation {unknown}
 y - a scroll of recharging {unknown}
 A - a scroll of torment {unknown}
 E - a scroll of magic mapping {unknown}
 G - a scroll of fear {unknown}
Potions
 j - a potion of beneficial mutation
 s - a potion of ambrosia
 t - a potion of heal wounds
 B - a potion of brilliance {unknown}
 F - a potion of curing
 L - a potion of might {unknown}
Books
 e - a book of Geomancy

   Spells                             Type                      Level
   a - Sandblast                      Earth                        1
   b - Passwall                       Transmutation/Earth          2
   c - Stone Arrow                    Conjuration/Earth            3
   d - Petrify                        Transmutation/Earth          4
   e - Lee's Rapid Deconstruction     Earth                        5
Comestibles
 d - 4 bread rations
 i - 2 meat rations
 u - a beef jerky
 w - 19 fruits
 J - a chunk of flesh


   Skills:
 - Level 5.3 Short Blades
 - Level 1.7 Dodging
 - Level 5.0 Stealth
 - Level 2.0 Spellcasting
 - Level 4.0 Conjurations
 - Level 2.1 Transmutations
 + Level 6.4 Earth Magic


You had 2 spell levels left.
You knew the following spells:

 Your Spells              Type           Power        Failure   Level  Hunger
a - Petrify               Tmut/Erth      ###.....     30%         4    #####..
b - Passwall              Tmut/Erth      ###.......   4%          2    ##.....
c - Stone Arrow           Conj/Erth      ###...       8%          3    ###....


Dungeon Overview and Level Annotations

Branches:
Dungeon (7/15)             Temple (1/1) D:7

Altars:
Cheibriados
Dithmenos
Fedhas
Gozag
Hepliaklqana
Kikubaaqudgha
Nemelex Xobeh
Okawaru
Ru
Sif Muna
Trog
Uskayaw
Yredelemnul
Zin

Shops:
D:7 (


Innate Abilities, Weirdness & Mutations

You have sharp toenails.
You are partially covered in slimy green scales. (AC +2)
Your flesh is cold resistant. (rC+)


Message History

Aiming: Stone Arrow
Press: ? - help, Shift-Dir - straight line, f/p - electric eel
Aim: an electric eel (moderately wounded)
The stone arrow misses the electric eel.
The electric eel shoots out a bolt of lightning at you!
The bolt of electricity hits you! x2
The bolt of electricity hits the electric eel.
The electric eel completely resists.
Attack whom?
Press: ? - help, Dir - move target cursor, f/p - electric eel
Aim: an electric eel (moderately wounded)
You reach to attack!
You hit the electric eel.
The electric eel is poisoned.
The electric eel is heavily wounded.
You barely miss the electric eel.
The electric eel is heavily wounded.
The electric eel shoots out a bolt of lightning at you!
The bolt of electricity hits you!
* * * LOW HITPOINT WARNING * * *
The bolt of electricity hits you!
You die...

## ##. ##.. ########...
######### #..........
#....(..# #.######...
#.≈≈≈≈;@######.### ##..
#.≈###≈.........(######>
#≈≈≈≈≈.#####''###......
#≈≈#≈≈.# #......######.
#≈ #≈≈## #.##.#.# ... #
#≈≈ #...##.# #.#. ≈≈≈
#.##...# #... ###≈
#.#.##.# #... #......#
#...


You could see an electric eel.

Vanquished Creatures
  Edmund (D:4)
  A sky beast (D:7)
  A necrophage (D:6)
  A centaur (D:5)
  A bullfrog (D:6)
  3 scorpions
  2 howler monkeys
  A bullfrog zombie (D:6)
  A centaur zombie (D:7)
  2 crimson imps
  3 orc priests
  A quasit (D:5)
  Crazy Yiuf (D:7)
  A centaur skeleton (D:4)
  5 hounds
  2 orc wizards (D:7)
  A bullfrog skeleton (D:5)
  7 worker ants
  A worker ant zombie (D:5)
  4 gnolls (D:2)
  15 adders
  2 oozes
  2 worms
  3 dart slugs
  A leopard gecko (D:6)
  22 orcs
  4 giant cockroaches
  6 goblins
  7 hobgoblins
  4 jackals
  9 kobolds
  3 quokkas
  3 ball pythons (D:3)
  7 bats
  9 frilled lizards
  2 leopard gecko skeletons (D:4)
  A quokka skeleton (D:6)
  8 rats
148 creatures vanquished.

Notes
Turn   | Place    | Note
-------+----------+-------------------------------------------
     0 | D:1      | Kaname the Demonspawn Earth Elementalist began the quest for the Orb.
     0 | D:1      | Reached XP level 1. HP: 13/13 MP: 3/3
   351 | D:1      | Reached skill level 3 in Earth Magic
   833 | D:1      | Gained mutation: You are partially covered in slimy green scales. (AC +2) [demonic ancestry]
   833 | D:1      | Reached XP level 2. HP: 19/19 MP: 1/5
   897 | D:1      | Found a sparkling altar of Nemelex Xobeh.
  1082 | D:1      | Learned a level 2 spell: Passwall
  1553 | D:2      | Gained mutation: Your flesh is cold resistant. (rC+) [demonic ancestry]
  1553 | D:2      | Reached XP level 3. HP: 21/24 MP: 4/6
  1766 | D:2      | Reached skill level 4 in Earth Magic
  1864 | D:2      | Learned a level 3 spell: Stone Arrow
  1874 | D:2      | Reached skill level 1 in Transmutations
  2164 | D:2      | Reached XP level 4. HP: 20/30 MP: 7/7
  2661 | D:2      | Reached skill level 1 in Conjurations
  3146 | D:2      | Reached XP level 5. HP: 11/35 MP: 3/8
  4397 | D:4      | Reached XP level 6. HP: 29/41 MP: 2/9
  4404 | D:4      | Noticed Edmund
  4416 | D:4      | Killed Edmund
  4984 | D:4      | Reached XP level 7. HP: 36/46 MP: 3/10
  5069 | D:4      | Reached skill level 5 in Stealth
  5179 | D:4      | Reached skill level 1 in Short Blades
  5597 | D:5      | Entered Level 5 of the Dungeon
  6596 | D:5      | Gained mutation: You have sharp toenails. [demonic ancestry]
  6596 | D:5      | Reached XP level 8. HP: 45/52 MP: 1/11
  7022 | D:6      | Reached skill level 5 in Short Blades
  7110 | D:6      | Learned a level 4 spell: Petrify
  7495 | D:6      | Reached skill level 5 in Earth Magic
  7952 | D:7      | Found Besereh's Weapon Emporium.
  8222 | D:7      | Found a runed door.
  8226 | D:7      | Noticed Crazy Yiuf
  8230 | D:7      | Killed Crazy Yiuf
  8435 | D:7      | Reached skill level 6 in Earth Magic
  8442 | D:7      | Found a staircase to the Ecumenical Temple.
  8450 | Temple   | Entered the Ecumenical Temple
  8484 | Temple   | Became a worshipper of Warmaster Okawaru
  8578 | D:7      | Killed from afar by an electric eel

Vault maps used:
D:1:      minmay_arrival_doors, minivault_24, nemelex_diamond_rough_becter
D:3:      minmay_misc_feat_x
D:4:      minmay_misc_feat_plants, amethyst_killhole, minivault_24, uniq_edmund
D:5:      first_bread, bh_chokoban
D:6:      lemuel_ice_spiral_2
D:7:      serial_shops, nicolae_shop_temple_entry_statues_fountains,
          minmay_crystal_water, grunt_ogre_cave, roderic_roman_lattice,
          kennysheep_generic_room_12, uniq_crazy_yiuf_cottage
Temple:   nicolae_temple_the_god_donut

Skill      XL: |  1  2  3  4  5  6  7  8 |
---------------+-------------------------+-----
Earth Magic    | 3 4 6 |  6.4
Transmutations | 1 2 |  2.1
Conjurations   | 2 4 |  4.0
Stealth        | 2 4 5 |  5.0
Short Blades   | 4 5 |  5.3
Dodging        | |  1.7
Spellcasting   | |  2.0

Action                   |  1- 3 |  4- 6 |  7- 9 || total
-------------------------+-------+-------+-------++-------
Melee: Unarmed           |    37 |       |       ||    37
       Short sword       |    49 |       |    66 ||   115
       Spear             |     6 |   160 |   134 ||   300
 Cast: Sandblast         |    27 |     4 |       ||    31
       Stone Arrow       |       |    16 |    43 ||    59
       Passwall          |       |       |     1 ||     1
  Use: Scroll            |     3 |     7 |     3 ||    13
       Potion            |       |     2 |       ||     2
 Stab: Sleeping          |     3 |     6 |    11 ||    20
       Distracted        |     1 |       |       ||     1
  Eat: Chunk             |     4 |    10 |    15 ||    29
       Pizza             |       |       |     1 ||     1
       Beef jerky        |       |       |     1 ||     1
Armor: Robe              |    18 |    35 |    78 ||   131
       Skin              |       |    47 |       ||    47
Dodge: Dodged            |    46 |    96 |   132 ||   274
